 Dungeon Crawl Stone Soup version 0.26-a0-412-ga3d1f51b80 (webtiles) character file.

Game seed: 9237071248467872009

22225 Gargoyl the Fighter (level 12, -10/97 HPs)
             Began as a Gnoll Abyssal Knight on July 24, 2020.
             Was an Elder of Lugonu.
             Killed from afar by an ice statue (34 damage)
             ... with a shard of ice
             ... in an ice cave.
             The game lasted 00:20:56 (15426 turns).

Gargoyl the Fighter (Gnoll Abyssal Knight)         Turns: 15426, Time: 00:20:57

Health: -10/97     AC: 30    Str: 18    XL:     12   Next: 98%
Magic:  23/23      EV:  8    Int: 15    God:    Lugonu [****..]
Gold:   770        SH: 11    Dex: 16    Spells: 26/26 levels left

rFire    + . .     SeeInvis +   s - +3 hand axe (venom)
rCold    . . .     Faith    .   C - +0 kite shield
rNeg     . . .     Spirit   .   n - +0 plate armour {rPois}
rPois    +         Reflect  .   D - +2 hat {SInv}
rElec    .         Harm     .   l - +2 cloak
rCorr    .                      u - +2 pair of gloves
MR       .....                  a - +2 pair of boots
Stlth    ..........             (no amulet)
HPRegen  0.26/turn              c - ring of protection from fire
MPRegen  0.18/turn              v - +4 ring of protection

@: no status effects
A: distributed training, fangs 1, hooves 1, deterioration 1, poison resistance,
strong nose
a: Depart the Abyss, Bend Space, Banish, Corrupt, Renounce Religion


You were in an ice cave.
You worshipped Lugonu.
Lugonu was greatly pleased with you.
You visited 2 branches of the dungeon, and saw 13 of its levels.
You visited the Abyss 1 time.
You also visited: Ice Cave.

You collected 860 gold pieces.
You spent 90 gold pieces at shops.

Inventory:

Hand Weapons
 j - a +4 war axe
 s - a +3 hand axe of venom (weapon)
 F - a +0 broad axe
Missiles
 e - 6 javelins (quivered)
Armour
 a - a +2 pair of boots (worn)
 l - a +2 cloak (worn)
 n - a +0 plate armour of poison resistance (worn)
 u - a +2 pair of gloves (worn)
 C - a +0 kite shield (worn)
 D - a +2 hat of see invisible (worn)
Jewellery
 c - a ring of protection from fire (left hand)
 v - a +4 ring of protection (right hand)
Wands
 o - a wand of acid (11)
 p - a wand of iceblast (22)
 w - a wand of random effects (34)
 x - a wand of flame (21)
 y - a wand of digging (3)
 z - a wand of polymorph (11)
 A - a wand of enslavement (7)
 G - a wand of clouds (4)
Scrolls
 g - 5 scrolls of identify
 h - 3 scrolls of fear
 q - 5 scrolls of teleportation
 r - 5 scrolls of remove curse
 t - 2 scrolls of fog
 E - a scroll of enchant armour
Potions
 b - 5 potions of heal wounds
 d - 7 potions of curing
 f - 2 potions of brilliance
 i - 2 potions of flight
 k - 2 potions of degeneration {unknown}
 m - 3 potions of magic
 B - a potion of ambrosia


   Skills:
 + Level 10.2 Fighting
 + Level 7.8 Short Blades
 + Level 7.8 Long Blades
 + Level 9.1 Axes
 + Level 7.8 Maces & Flails
 + Level 7.8 Polearms
 + Level 7.8 Staves
 + Level 7.8 Slings
 + Level 7.8 Bows
 + Level 7.8 Crossbows
 + Level 7.8 Throwing
 + Level 9.1 Armour
 + Level 8.2 Dodging
 + Level 7.8 Stealth
 + Level 7.8 Shields
 + Level 7.8 Unarmed Combat
 + Level 7.8 Spellcasting
 + Level 6.4 Conjurations
 + Level 6.4 Hexes
 + Level 6.4 Summonings
 + Level 6.4 Necromancy
 + Level 6.4 Translocations
 + Level 6.4 Transmutations
 + Level 6.4 Fire Magic
 + Level 6.4 Ice Magic
 + Level 6.4 Air Magic
 + Level 6.4 Earth Magic
 + Level 6.4 Poison Magic
 + Level 9.7 Invocations
 + Level 7.8 Evocations


You had 26 spell levels left.
You didn't know any spells.
Your spell library contained the following spells:

 Spells                   Type           Power        Failure   Level
 Corona                   Hex            ####...      45%         1
 Ensorcelled Hibernation  Hex/Ice        ####..       61%         2
 Confusing Touch          Hex            ####....     83%         3
 Dazzling Flash           Conj/Hex       ####..       83%         3
 Tukima's Dance           Hex            ####....     83%         3


Dungeon Overview and Level Annotations

Branches:
Dungeon (9/15)             Temple (0/1) D:6            Lair (4/6) D:9
 Shoals (0/4) Lair:3        Snake (0/4) Lair:3        IceCv (1/1)
    Orc: D:9-12

Altars:
Ashenzari
Cheibriados
Hepliaklqana
Kikubaaqudgha
Makhleb
Nemelex Xobeh
Okawaru
Qazlal
Ru
Trog
Wu Jian
Zin

Shops:
D:5 [

Annotations:
IceCv exclusion: ice statue


Innate Abilities, Weirdness & Mutations

Your experience applies equally to all skills.
You have very sharp teeth.
Your uncanny sense of smell can sniff out nearby items.
You have large cloven feet.
Your body sometimes deteriorates upon taking damage.
Your system is resistant to poisons. (rPois)


Message History

The ice statue is moderately damaged.
You hit the ice beast.
You are engulfed in freezing vapours.
The ice beast hits you but does no damage.
Unknown command.
You slash the ice statue!
The ice statue is heavily damaged.
You hit the ice beast.
You are engulfed in freezing vapours.
The ice beast closely misses you.
Unknown command.
You hit the ice statue but do no damage.
The ice statue is heavily damaged.
You hit the ice beast but do no damage.
You are engulfed in freezing vapours.
* * * LOW HITPOINT WARNING * * *
The ice statue gestures at you. The bolt of cold hits you.
* * * LOW HITPOINT WARNING * * *
You block the ice beast's attack. The ice statue gestures at you.
The shard of ice hits you!!
You die...

## # #.#
#..#.Y####
#..8.○.##
#)##..@°○##
##.##○○#
#####.○#
##.####.#
#....#..#
##......##
##..###.}.#
##..#####.##
#...###.###


You could see an ice statue and an ice beast (summoned).

Vanquished Creatures
  Gastronok (Lair:1)
  Harold (D:9)
  A catoblepas (Lair:2)
  A two-headed ogre (D:8)
  Pikel (D:9)
  An oklob plant (Lair:3)
  5 black mambas
  Joseph (D:9)
  2 rime drakes
  3 cane toads
  3 komodo dragons
  2 polar bears
  A merfolk (Lair:3)
  4 hippogriffs
  19 yaks
  2 basilisks
  A wyvern (D:8)
  Grum (D:9)
  Edmund (D:5)
  11 water moccasins
  3 porcupines
  A black bear (Lair:3)
  Duvessa (D:5)
  10 ice beasts
  4 sky beasts
  2 orc warriors
  3 eyes of draining (D:4)
  13 wolves
  4 ogres
  A phantom (D:8)
  2 centaurs (D:5)
  7 crocodiles
  A big kobold (D:7)
  Dowan (D:5)
  8 bullfrogs
  4 scorpions
  9 wights
  A crimson imp (D:7)
  A quasit (D:5)
  2 hounds
  2 jellies
  2 orc priests (D:3)
  2 orc wizards
  Jessica (D:2)
  3 iguanas
  5 worker ants
  2 hound skeletons
  4 gnolls (D:6)
  15 adders
  A shadow imp (D:8)
  A white imp (D:9)
  2 oozes
  2 adder zombies
  An adder skeleton (D:5)
  6 worms
  2 dart slugs
  3 leopard geckos
  17 orcs
  8 giant cockroaches
  7 goblins
  13 hobgoblins
  8 jackals
  13 kobolds
  6 quokkas
  A ball python (Lair:3)
  A ball python skeleton (D:5)
  3 bats
  6 frilled lizards
  A leopard gecko zombie (D:5)
  A quokka skeleton (D:8)
  A quokka zombie (D:5)
  9 rats
  A fungus (Lair:3)
  5 plants (Lair:3)
295 creatures vanquished.

Vanquished Creatures (others)
  3 oklob plants (Lair:3)
  A yak (IceCv)
  3 wolves (IceCv)
  2 fungi (Lair:3)
  9 plants
18 creatures vanquished.

Grand Total: 313 creatures vanquished

Notes
Turn   | Place    | Note
-------+----------+-------------------------------------------
     0 | Abyss:1  | Gargoyl the Gnoll Abyssal Knight began the quest for the
                  | Orb.
     0 | Abyss:1  | Reached XP level 1. HP: 23/23 MP: 3/3
    85 | Abyss:1  | Noticed a wretched star
    86 | D:1      | Escaped the Abyss
   416 | D:1      | Reached XP level 2. HP: 28/29 MP: 5/5
   878 | D:1      | Reached * piety under Lugonu
   886 | D:1      | Reached XP level 3. HP: 35/35 MP: 6/6
  1512 | D:2      | Reached skill level 1 in Short Blades
  1512 | D:2      | Reached skill level 1 in Long Blades
  1512 | D:2      | Reached skill level 1 in Maces & Flails
  1512 | D:2      | Reached skill level 1 in Polearms
  1512 | D:2      | Reached skill level 1 in Staves
  1512 | D:2      | Reached skill level 1 in Slings
  1512 | D:2      | Reached skill level 1 in Bows
  1512 | D:2      | Reached skill level 1 in Crossbows
  1512 | D:2      | Reached skill level 1 in Throwing
  1512 | D:2      | Reached skill level 1 in Stealth
  1512 | D:2      | Reached skill level 1 in Shields
  1512 | D:2      | Reached skill level 1 in Unarmed Combat
  1512 | D:2      | Reached skill level 1 in Spellcasting
  1512 | D:2      | Reached skill level 1 in Evocations
  1747 | D:2      | Noticed Jessica
  1765 | D:2      | Killed Jessica
  1765 | D:2      | Reached XP level 4. HP: 4/41 MP: 7/7
  2294 | D:2      | Reached skill level 1 in Conjurations
  2294 | D:2      | Reached skill level 1 in Hexes
  2294 | D:2      | Reached skill level 1 in Summonings
  2294 | D:2      | Reached skill level 1 in Necromancy
  2294 | D:2      | Reached skill level 1 in Translocations
  2294 | D:2      | Reached skill level 1 in Transmutations
  2294 | D:2      | Reached skill level 1 in Fire Magic
  2294 | D:2      | Reached skill level 1 in Ice Magic
  2294 | D:2      | Reached skill level 1 in Air Magic
  2294 | D:2      | Reached skill level 1 in Earth Magic
  2294 | D:2      | Reached skill level 1 in Poison Magic
  2427 | D:3      | Reached ** piety under Lugonu
  2454 | D:3      | Reached XP level 5. HP: 18/47 MP: 8/8
  2658 | D:3      | Found a snail-covered altar of Cheibriados.
  2728 | D:3      | Found a shattered altar of Ashenzari.
  3161 | D:3      | Reached skill level 5 in Invocations
  3274 | D:3      | Reached XP level 6. HP: 53/53 MP: 9/9
  3834 | D:4      | Found an iron altar of Okawaru.
  3939 | D:4      | Noticed an eye of draining
  3940 | D:4      | Found a bloodstained altar of Trog.
  3940 | D:4      | Noticed an eye of draining
  3941 | D:4      | Noticed an eye of draining
  3958 | D:4      | Killed an eye of draining
  3958 | D:4      | Reached skill level 5 in Axes
  3958 | D:4      | Reached skill level 5 in Armour
  3962 | D:4      | Killed an eye of draining
  3969 | D:4      | Killed an eye of draining
  3969 | D:4      | Reached skill level 7 in Fighting
  3969 | D:4      | Reached XP level 7. HP: 60/60 MP: 0/10
  4083 | D:4      | Found Zin's Purification Station.
  4083 | D:4      | Found a glowing silver altar of Zin.
  4090 | D:4      | Bought a potion of curing for 90 gold pieces
  4616 | D:4      | Found a sparkling altar of Nemelex Xobeh.
  4962 | D:5      | Entered Level 5 of the Dungeon
  5267 | D:5      | Noticed Edmund
  5278 | D:5      | Killed Edmund
  5355 | D:5      | Noticed Dowan
  5355 | D:5      | Noticed Duvessa
  5459 | D:5      | Killed Duvessa
  5459 | D:5      | Reached XP level 8. HP: 65/67 MP: 12/12
  5463 | D:5      | Killed Dowan
  5824 | D:5      | Gained mutation: Your body sometimes deteriorates upon
                  | taking damage. [potion of mutation]
  5824 | D:5      | Gained mutation: You have large cloven feet. [potion of
                  | mutation]
  5824 | D:5      | Gained mutation: Your system is resistant to poisons.
                  | (rPois) [potion of mutation]
  6076 | D:5      | Found Bocieps's Armour Emporium.
  6266 | D:5      | Reached *** piety under Lugonu
  6509 | D:6      | Found a hazy altar of Hepliaklqana.
  6621 | D:6      | Found a staircase to the Ecumenical Temple.
  6892 | D:6      | Reached XP level 9. HP: 73/73 MP: 14/14
  7041 | D:7      | Found an ornate altar of the Wu Jian Council.
  7299 | D:7      | Reached skill level 5 in Dodging
  7371 | D:7      | Found the +1 cloak of Starlight {rElec rC+ EV+4 Stlth--}
  7560 | D:7      | Found a burning altar of Makhleb.
  7724 | D:8      | Found a stormy altar of Qazlal.
  7744 | D:8      | Reached skill level 8 in Fighting
  7892 | D:8      | Reached **** piety under Lugonu
  8180 | D:8      | Found an ancient bone altar of Kikubaaqudgha.
  8320 | D:8      | Noticed a two-headed ogre
  8344 | D:8      | Killed a two-headed ogre
  8344 | D:8      | Reached skill level 5 in Short Blades
  8344 | D:8      | Reached skill level 5 in Long Blades
  8344 | D:8      | Reached skill level 5 in Maces & Flails
  8344 | D:8      | Reached skill level 5 in Polearms
  8344 | D:8      | Reached skill level 5 in Staves
  8344 | D:8      | Reached skill level 5 in Slings
  8344 | D:8      | Reached skill level 5 in Bows
  8344 | D:8      | Reached skill level 5 in Crossbows
  8344 | D:8      | Reached skill level 5 in Throwing
  8344 | D:8      | Reached skill level 5 in Stealth
  8344 | D:8      | Reached skill level 5 in Shields
  8344 | D:8      | Reached skill level 5 in Unarmed Combat
  8344 | D:8      | Reached skill level 5 in Spellcasting
  8344 | D:8      | Reached skill level 5 in Evocations
  8344 | D:8      | Reached XP level 10. HP: 48/81 MP: 17/17
  8747 | D:8      | Found a sacrificial altar of Ru.
  9018 | D:9      | Noticed Grum
  9021 | D:9      | Noticed Pikel
  9065 | D:9      | Killed Pikel
  9072 | D:9      | Killed Grum
  9273 | D:9      | Noticed Joseph
  9293 | D:9      | Killed Joseph
  9731 | D:9      | Noticed Harold
  9758 | D:9      | Killed Harold
  9887 | D:9      | Found a staircase to the Lair.
 10051 | Lair:1   | Entered Level 1 of the Lair of Beasts
 10165 | Lair:1   | Reached XP level 11. HP: 83/87 MP: 19/19
 10519 | Lair:1   | Reached skill level 9 in Fighting
 10570 | Lair:1   | Noticed Gastronok
 10594 | Lair:1   | Killed Gastronok
 10594 | Lair:1   | Reached skill level 5 in Conjurations
 10594 | Lair:1   | Reached skill level 5 in Hexes
 10594 | Lair:1   | Reached skill level 5 in Summonings
 10594 | Lair:1   | Reached skill level 5 in Necromancy
 10594 | Lair:1   | Reached skill level 5 in Translocations
 10594 | Lair:1   | Reached skill level 5 in Transmutations
 10594 | Lair:1   | Reached skill level 5 in Fire Magic
 10594 | Lair:1   | Reached skill level 5 in Ice Magic
 10594 | Lair:1   | Reached skill level 5 in Air Magic
 10594 | Lair:1   | Reached skill level 5 in Earth Magic
 10594 | Lair:1   | Reached skill level 5 in Poison Magic
 11316 | Lair:2   | Noticed a catoblepas
 11354 | Lair:2   | Killed a catoblepas
 12195 | Lair:3   | Noticed a five-headed hydra
 12212 | Lair:2   | Banished a five-headed hydra
 12668 | Lair:3   | Reached XP level 12. HP: 85/96 MP: 22/22
 13200 | Lair:3   | Found a staircase to the Snake Pit.
 14329 | Lair:3   | Found a staircase to the Shoals.
 14523 | Lair:4   | Reached skill level 10 in Fighting
 14992 | Lair:4   | Found a frozen archway.
 15047 | IceCv    | Entered an ice cave
 15426 | IceCv    | Killed from afar by an ice statue

Illustrated notes

Levels and vault maps discovered:
D:1:      noname_arrival_rooms_in_the_neighbourhood, layout_basic
D:2:      layout_rooms, uniq_jessica
D:3:      layout_basic, nicolae_overflow_crystal_walls, lemuel_doored_altar,
          chequers_serial_rivers_small_3
D:4:      layout_layer_cave, nemelex_xobeh_ov_fountains_minmay,
          trog_eyes_of_draining, okawaru_gym_becter, zin_purify,
          cheibrodos_sewer_entry_bend
D:5:      layout_loops_ring, serial_shops, kennysheep_little_box,
          grunt_ministairs_15, uniq_edmund, uniq_duvessa
D:6:      layout_basic, kennysheep_mini_moat, minmay_temple_entry_offerings
D:7:      kb_forest_paths, layout_rooms, makhleb_grotto_becter,
          old_standard_altar
D:8:      layout_basic, old_standard_altar, lemuel_crystal_altar,
          marbit_many_paths, kennysheep_opposing_triangles
D:9:      layout_long_grid, lair_entry_dummy, nrook_mini_backslash, uniq_harold,
          uniq_pikel, uniq_grum, uniq_joseph
Lair:1:   layout_gridlike, uniq_gastronok
Lair:2:   layout_big_grid
Lair:3:   minmay_lair_oklob_tunnel, layout_chaotic_city,
          elwin_shoals_entry_rooms, minmay_snake_entry_six_corridors,
          chequers_serial_rivers_small_b, beast_lair_carwin_1
Lair:4:   layout_hall_layers, portal_ice_cave_entry_ice_beasts
IceCv:    ice_cave_caverns_02

Skill      XL: |  1  2  3  4  5  6  7  8  9 10 11 12 |
---------------+-------------------------------------+-----
Short Blades   | 1 2 3 5 6 7 |  7.8
Long Blades    | 1 2 3 5 6 7 |  7.8
Maces & Flails | 1 2 3 5 6 7 |  7.8
Polearms       | 1 2 3 5 6 7 |  7.8
Staves         | 1 2 3 5 6 7 |  7.8
Slings         | 1 2 3 5 6 7 |  7.8
Bows           | 1 2 3 5 6 7 |  7.8
Crossbows      | 1 2 3 5 6 7 |  7.8
Throwing       | 1 2 3 5 6 7 |  7.8
Stealth        | 1 2 3 5 6 7 |  7.8
Shields        | 1 2 3 5 6 7 |  7.8
Unarmed Combat | 1 2 3 5 6 7 |  7.8
Spellcasting   | 1 2 3 5 6 7 |  7.8
Evocations     | 1 2 3 5 6 7 |  7.8
Conjurations   | 1 2 3 4 5 6 |  6.4
Hexes          | 1 2 3 4 5 6 |  6.4
Summonings     | 1 2 3 4 5 6 |  6.4
Necromancy     | 1 2 3 4 5 6 |  6.4
Translocations | 1 2 3 4 5 6 |  6.4
Transmutations | 1 2 3 4 5 6 |  6.4
Fire Magic     | 1 2 3 4 5 6 |  6.4
Ice Magic      | 1 2 3 4 5 6 |  6.4
Air Magic      | 1 2 3 4 5 6 |  6.4
Earth Magic    | 1 2 3 4 5 6 |  6.4
Poison Magic   | 1 2 3 4 5 6 |  6.4
Dodging        | 3 4 5 6 7 8 |  8.2
Invocations    | 5 6 7 8 9 |  9.7
Axes           | 5 6 7 8 9 |  9.1
Armour         | 5 6 7 8 9 |  9.1
Fighting       | 7 8 9 10 | 10.2

Action                   |  1- 3 |  4- 6 |  7- 9 | 10-12 || total
-------------------------+-------+-------+-------+-------++-------
Melee: Hand axe          |   108 |   191 |   365 |   735 ||  1399
       Bite              |     9 |    26 |    62 |   105 ||   202
       Kick              |       |       |    51 |       ||    51
Invok: Depart the Abyss  |     1 |       |       |       ||     1
       Banish            |       |       |       |     7 ||     7
  Use: Scroll            |     2 |     5 |     4 |    11 ||    22
       Potion            |       |     4 |     1 |       ||     5
Armor: Leather armour    |    18 |     1 |       |       ||    19
       Chain mail        |       |    66 |   120 |       ||   186
       Plate armour      |       |       |    77 |   541 ||   618
       Scale mail        |       |       |       |     5 ||     5
Dodge: Dodged            |    63 |    35 |    33 |   150 ||   281
Block: Tower shield      |       |    44 |   249 |   472 ||   765
       Kite shield       |       |       |       |   128 ||   128

Table legend: (Time is in decaauts)
 A = Elapsed time spent in this place.
 B = Non-inter-level travel time spent in this place.
 C = Inter-level travel time spent in this place.
 D = Time resting spent in this place.
 E = Time spent auto-exploring this place.
 F = Levels seen in this place.
 G = Mean time per level.
                   A        B        C        D        E       F      G
               +--------+--------+--------+--------+--------+-----+--------+
         Total |  15553 |  15333 |    220 |   4497 |   7826 |  15 | 1036.9 |
       Dungeon |  10078 |   9896 |    182 |   2272 |   5661 |   9 | 1119.8 |
          Lair |   5013 |   4975 |     38 |   1950 |   2038 |   4 | 1253.2 |
         Abyss |     85 |     85 |      0 |      0 |     81 |   1 |   85.0 |
      Ice Cave |    376 |    376 |      0 |    275 |     45 |   1 |  376.0 |
               +--------+--------+--------+--------+--------+-----+--------+

Top non-repeatable levels by time:
  Lair:3: 2447 daAuts
  Lair:2: 1488 daAuts
     D:3: 1470 daAuts
     D:8: 1319 daAuts
     D:5: 1311 daAuts
     D:4: 1303 daAuts
     D:1: 1242 daAuts
     D:2: 1066 daAuts
     D:9: 1046 daAuts
  Lair:1: 954 daAuts
     D:7: 790 daAuts
     D:6: 527 daAuts
   IceCv: 376 daAuts
  Lair:4: 122 daAuts
 Abyss:1: 85 daAuts
